 Dungeon Crawl Stone Soup version 0.31.0-11-ge490571c62 (webtiles) character file.

Game seed: 4799184834140892624

1816646 oldriver the Hawkeye (level 27, 119/199 HPs)
             Began as a Gnoll Wanderer on Jan 26, 2024.
             Was the Champion of Hepliaklqana.
             Escaped with the Orb
             ... and 4 runes on Jan 27, 2024!
             The game lasted 03:01:09 (106724 turns).

oldriver the Hawkeye (Gnoll Wanderer)             Turns: 106724, Time: 03:01:10

Health: 119/199    AC: 48    Str: 38    XL:     27
Magic:  36/50      EV: 16    Int: 15    God:    Hepliaklqana [******]
Gold:   4472       SH: 23    Dex: 12    Spells: 28/64 levels left

rFire   + . .        u - +9 eveningstar (venom)
rCold   + . .        e - +3 tower shield {AC+3}
rNeg    + + .        y - +10 plate armour of Least Resistance {rElec rF+}
rPois   +            V - +2 helmet
rElec   +            L - +2 cloak
rCorr   +            D - +2 pair of gloves {Str+3}
SInv    +            c - +3 pair of mountain boots {steadfast, rC+}
Will    +++..        F - amulet "Asoustuj" {Rampage ^Drain rPois Regen+ Str+4}
Stlth   +            w - ring of the Blushing Gods {rN+ Will+ SInv}
HPRegen 1.33/turn    f - ring of Depazauph {rN+ rCorr Str+3 Int+4 Dex+2}
MPRegen 0.32/turn

%: rampage
@: studying 3 skills
A: reduced essence, fangs 1, strong nose, distributed training, high MP 1
0: Orb of Zot
}: 4/15 runes: serpentine, barnacled, silver, abyssal
a: Renounce Religion, Recall Ancestor, Ancestor Identity, Transference, Idealise


You escaped.
You worshipped Hepliaklqana.
Hepliaklqana was exalted by your worship.
You visited 11 branches of the dungeon, and saw 49 of its levels.
You visited the Abyss 2 times.
You also visited: Trove, Sewer, Ossuary and Ice Cave.

You collected 8370 gold pieces.
You spent 3898 gold pieces at shops.

Inventory:

Hand Weapons
 u - a +9 eveningstar of venom (weapon)
Missiles
 Q - 12 silver javelins
Armour
 b - the +0 pair of gloves of Tomorrow {^Contam rElec Dex+6}
   (You found it on level 4 of the Realm of Zot)

   Dex+6:     It affects your dexterity (+6).
   rElec:     It insulates you from electricity.
   ^Contam:   It causes magical contamination when unequipped.
 c - the +3 pair of mountain boots (worn) {steadfast, rC+}
   (You found it on level 3 of the Elven Halls)

   Steadfast: It prevents involuntary movement, except for blinking,
   teleportation, or banishment.
   rC+:       It protects you from cold.
 e - a +3 tower shield of protection (worn)
 y - the +10 plate armour of Least Resistance (worn) {rElec rF+}
   (You bought it in a shop on level 2 of the Orcish Mines)

   rF+:       It protects you from fire.
   rElec:     It insulates you from electricity.
 D - a +2 pair of gloves of strength (worn)
 H - the +13 plate armour "Cieco" {^Contam rF+ Int+4}
   (You found it on level 3 of the Realm of Zot)

   Int+4:     It affects your intelligence (+4).
   rF+:       It protects you from fire.
   ^Contam:   It causes magical contamination when unequipped.
 L - a +2 cloak (worn)
 V - a +2 helmet (worn)
Jewellery
 f - the ring of Depazauph (right hand) {rN+ rCorr Str+3 Int+4 Dex+2}
   (You bought it in a shop on level 2 of the Elven Halls)

   [ring of positive energy]

   Str+3:     It affects your strength (+3).
   Int+4:     It affects your intelligence (+4).
   Dex+2:     It affects your dexterity (+2).
   rN+:       It protects you from negative energy.
   rCorr:     It protects you from acid and corrosion.
 g - the amulet "Sounuali" {RegenMP rPois Dex+2}
   (You found it in a treasure trove)

   [amulet of magic regeneration]

   RegenMP:   It increases your rate of magic regeneration.
   Dex+2:     It affects your dexterity (+2).
   rPois:     It protects you from poison
 w - the ring of the Blushing Gods (left hand) {rN+ Will+ SInv}
   (You found it in a treasure trove)

   [ring of see invisible]

   rN+:       It protects you from negative energy.
   Will+:     It increases your willpower.
   SInv:      It lets you see invisible.
 F - the amulet "Asoustuj" (around neck) {Rampage ^Drain rPois Regen+ Str+4}
   (You took it off a vault guard on level 5 of the Vaults)

   [amulet of regeneration]

   Str+4:     It affects your strength (+4).
   rPois:     It protects you from poison Regen+: It increases your rate of
   health regeneration.
   ^Drain:    It drains your maximum health when unequipped.
   Rampage:   It bestows one free step when moving towards enemies.
Wands
 i - a wand of polymorph (5)
 q - a wand of iceblast (26)
 s - a wand of light (20)
 z - a wand of mindburst (39)
 A - a wand of digging (15)
 O - a wand of charming (4)
Scrolls
 d - 6 scrolls of silence
 l - 4 scrolls of revelation
 t - 5 scrolls of poison
 v - 4 scrolls of fear
 x - 6 scrolls of teleportation
 B - 2 scrolls of torment
 E - 2 scrolls of immolation
 T - 2 scrolls of summoning
 X - 3 scrolls of blinking
 Y - 4 scrolls of enchant weapon
 Z - 2 scrolls of fog
Potions
 a - a potion of lignification
 h - 5 potions of invisibility
 j - 7 potions of cancellation
 m - 9 potions of mutation
 n - 11 potions of curing
 o - 4 potions of magic
 p - 4 potions of resistance
 r - 8 potions of enlightenment
 C - 6 potions of haste
 J - 9 potions of ambrosia
 K - 9 potions of heal wounds
 N - 3 potions of brilliance
 P - 4 potions of might
 S - 2 potions of berserk rage
Miscellaneous
 k - a sack of spiders
 G - a condenser vane
 I - a phial of floods
 U - a phantom mirror


   Skills:
 + Level 19.3 Fighting
 + Level 19.2 Short Blades
 + Level 19.2 Long Blades
 + Level 20.7 Axes
 + Level 19.2 Maces & Flails
 + Level 19.2 Polearms
 + Level 19.2 Staves
 + Level 19.2 Ranged Weapons
 + Level 21.5 Throwing
 + Level 19.6 Armour
 + Level 19.2 Dodging
 + Level 19.3 Stealth
 + Level 19.6 Shields
 + Level 19.2 Unarmed Combat
 + Level 19.2 Spellcasting
 + Level 16.3 Conjurations
 + Level 16.3 Hexes
 + Level 16.3 Summonings
 + Level 16.3 Necromancy
 + Level 16.3 Translocations
 + Level 16.3 Fire Magic
 + Level 21.1 Ice Magic
 + Level 16.3 Air Magic
 + Level 16.3 Earth Magic
 + Level 16.3 Alchemy
 + Level 20.7 Invocations
 + Level 19.2 Evocations
 + Level 17.7 Shapeshifting


You had 28 spell levels left.
You knew the following spells:

 Your Spells              Type           Power      Damage    Failure   Level
a - Magic Dart            Conj           100%       1d8       1%          1
b - Searing Ray           Conj           100%       2d8       1%          2
c - Summon Ice Beast      Ice/Summ       63%        N/A       1%          3
d - Manifold Assault      Tloc           59%        N/A       1%          4
e - Summon Lightning Spi  Summ/Air       59%        N/A       1%          4
p - Fulminant Prism       Conj/Alch      29%        3d14      1%          4
v - Vhi's Electric Charg  Tloc/Air       100%       N/A       1%          4
x - Iskenderun's Mystic   Conj/Tloc      59%        2d12      1%          4
y - Yara's Violent Unrav  Hex/Alch       29%        3d12      1%          5
z - Summon Mana Viper     Hex/Summ       59%        N/A       1%          5

Your spell library contained the following spells:

 Spells                   Type           Power      Damage    Failure   Level
 Freeze                   Ice            100%       1d10      0%          1
 Ensorcelled Hibernation  Hex/Ice        100%       N/A       0%          2
 Frozen Ramparts          Ice            100%       1d16      0%          3
 Ozocubu's Armour         Ice            67%        N/A       0%          3
 Apportation              Tloc           100%       N/A       1%          1
 Foxfire                  Conj/Fire      100%       2x1d9     1%          1
 Call Imp                 Summ           100%       N/A       1%          2
 Jinxbite                 Hex            100%       N/A       1%          2
 Lesser Beckoning         Tloc           100%       N/A       1%          2
 Momentum Strike          Conj/Tloc      100%       3d10      1%          2
 Scorch                   Fire           100%       2d9       1%          2
 Static Discharge         Conj/Air       100%       3-8/arc   1%          2
 Sublimation of Blood     Necr           59%        N/A       1%          2
 Call Canine Familiar     Summ           59%        N/A       1%          3
 Dazzling Flash           Conj/Hex       100%       N/A       1%          3
 Gell's Gravitas          Tloc           59%        N/A       1%          3
 Hailstorm                Conj/Ice       63%        3d12      1%          3
 Mephitic Cloud           Conj/Alch/Air  59%        N/A       1%          3
 Passwall                 Erth           59%        N/A       1%          3
 Sigil of Binding         Hex            59%        N/A       1%          3
 Stone Arrow              Conj/Erth      100%       3d13      1%          3
 Swiftness                Air            59%        N/A       1%          3
 Teleport Other           Tloc           59%        N/A       1%          3
 Tukima's Dance           Hex            59%        N/A       1%          3
 Volatile Blastmotes      Fire/Tloc      100%       2d18      1%          3
 Airstrike                Air            29%        2d(5-21)  1%          4
 Anguish                  Hex/Necr       29%        N/A       1%          4
 Animate Armour           Summ/Erth      100%       N/A       1%          4
 Animate Dead             Necr           59%        N/A       1%          4
 Cause Fear               Hex            29%        N/A       1%          4
 Dimensional Bullseye     Hex/Tloc       29%        N/A       1%          4
 Flame Wave               Conj/Fire      59%        2d14      1%          4
 Ignite Poison            Fire/Alch      59%        N/A       1%          4
 Passage of Golubria      Tloc           59%        N/A       1%          4
 Petrify                  Alch/Erth      59%        N/A       1%          4
 Sticky Flame             Fire/Alch      59%        2d10      1%          4
 Alistair's Intoxication  Alch           39%        N/A       1%          5
 Arcjolt                  Conj/Air       29%        1d39      1%          5
 Borgnjor's Vile Clutch   Necr/Erth      29%        N/A       1%          5
 Freezing Cloud           Conj/Ice/Air   31%        6-21      1%          5
 Irradiate                Conj/Alch      29%        3d21      1%          5
 Metabolic Englaciation   Hex/Ice        31%        N/A       1%          5
 Silence                  Hex/Air        29%        N/A       1%          5
 Sculpt Simulacrum        Ice/Alch       31%        N/A       1%          6
 Death Channel            Necr           29%        N/A       3%          6
 Dispersal                Tloc           29%        N/A       3%          6
 Plasma Beam              Fire/Air       29%        2x1d42    3%          6
 Starburst                Conj/Fire      29%        6d9       3%          6
 Summon Cactus Giant      Summ           29%        N/A       3%          6
 Enfeeble                 Hex            29%        N/A       17%         7
 Haunt                    Necr/Summ      29%        N/A       17%         7
 Malign Gateway           Summ/Tloc      29%        N/A       17%         7
 Monstrous Menagerie      Summ           29%        N/A       17%         7
 Orb of Destruction       Conj           29%        9d9       17%         7
 Borgnjor's Revivificati  Necr           29%        N/A       80%         8
 Disjunction              Tloc           29%        N/A       80%         8
 Ignition                 Fire           29%        3d9       80%         8
 Infestation              Necr           29%        N/A       80%         8
 Lehudib's Crystal Spear  Conj/Erth      29%        10d8      80%         8
 Maxwell's Capacitive Co  Air            29%        ∞         80%         8
 Summon Horrible Things   Summ           29%        N/A       80%         8
 Death's Door             Necr           29%        N/A       100%        9
 Fire Storm               Conj/Fire      29%        8d8       100%        9


Dungeon Overview and Level Annotations

Branches:
Dungeon (15/15)            Temple (1/1) D:4            Lair (5/5) D:9
 Shoals (4/4) Lair:3        Snake (4/4) Lair:3        Slime (0/5) Lair:4
    Orc (2/2) D:12            Elf (3/3) Orc:2        Vaults (5/5) D:13
  Crypt (1/3) Vaults:2     Depths (4/4) D:15            Zot (5/5) Depths:4
  Sewer (visited)         Ossuary (visited)           IceCv (visited)

Altars:
Ashenzari
Cheibriados
Dithmenos
Elyvilon
Fedhas
Gozag
Hepliaklqana
Kikubaaqudgha
Makhleb
Nemelex Xobeh
Okawaru
Qazlal
Ru
Sif Muna
Trog
Uskayaw
Vehumet
Wu Jian
Xom
Yredelemnul
Zin
The Shining One
Jiyva
Lugonu

Shops:
D:3 :**(!   D:7 *   D:9 !   D:11 (   D:13 *   Orc:2 ?:[[   Elf:1 *   Elf:2 =
Elf:3 (   Snake:2 :   Vaults:1 [?*   Depths:1 (

Portals:
Hell: Depths:1 Depths:2 Depths:3 Depths:4
Abyss: Depths:3 Depths:4
Pandemonium: Depths:2 Depths:3
Ziggurat: Depths:4

Annotations:
Lair:3 exclusion: oklob plant
Shoals:1 6 transporters
Snake:3 Roxanne
Elf:2 5 runed translucent doors
Zot:1 3 runed translucent doors, Theoretic's ghost, veteran MiGl
Zot:2 2 runed translucent doors, Jofris Vesimp's ghost, legendary GnFE
Zot:3 3 runed translucent doors, Pongem's ghost, legendary MiAK


Innate Abilities, Weirdness & Mutations

Your life essence is reduced to manifest your ancestor. (-10% HP)
You have very sharp teeth.
Your uncanny sense of smell can sniff out nearby items.
Your experience applies equally to all skills.
You have an increased reservoir of magic. (+10% MP)


Message History

You climb upwards.
There is a stone staircase leading down here.
There is a stone staircase leading up here.
You climb upwards.
There is a stone staircase leading down here.
Aiming: Dig
Press: ? - help, Shift-Dir - straight line A rock wall.
This square is covered in magical glow.
The rock shatters into small pieces.
Aiming: Dig
Press: ? - help, Shift-Dir - straight line A rock wall.
This square is covered in magical glow.
The rock shatters into small pieces.
A neqoxec comes into view.
A tormentor comes into view.
The tormentor moves out of view.
The tormentor calls on the powers of darkness!
Your body is wracked with pain!
The tormentor calls on the powers of darkness!
Your body is wracked with pain!
Gladwin hits the tormentor with a +0 lajatang of freezing!!
Gladwin freezes the tormentor.
The tormentor dies!
Okay, then.
Gladwin is recalled.
You feel much better.
You swap places.
Space momentarily warps into an impossible shape!
You flatten the neqoxec like a pancake!!!
You kill the neqoxec!
You can't see any susceptible monsters within range! (Use Z to cast anyway.)
Aiming: Dig
Press: ? - help, Shift-Dir - straight line A rock wall.
This square is covered in magical glow.
The rock shatters into small pieces.
There is a staircase leading out of the dungeon here.
You have escaped!

............####.##..###....†....
###.........................†....
#...........##...#..##...######
#######...........#...)....# ##
## ####..##...##.#...##.###.
.###########.......##.#..........
.†...........(..................#
#########.#####.####......###.#..
#..# ##.R@..#.............
####.####......#....#........
##........#.....#..........#..
####.###########'############....
.....~~~~~~~~~~~.~~~~~~~~~~~#.÷..
.###.~PPPP♣♣P♣♣~.~PPP.♣♣PPP~#....
.##..~PPP♣P.P♣♣~.~.PP♣P♣♣♣.~#....
(....~~~~~~~~~~~.~~~~~~~~~~~#...#
####R~~~~~~~~~.....~~~~~~~~~#..##


You could see the friendly Gladwin the battlemage.

Vanquished Creatures
  2 dread liches (Zot:5)
  5 ancient liches
  2 orbs of fire
  Mennas (Depths:4)
  4 Killer Klowns
  2 curse toes
  2 golden dragons
  Jory (Crypt:1)
  3 electric golems
  7 tentacled monstrosities
  13 Orb Guardians
  A lich (Vaults:5)
  2 quicksilver dragons
  Mlioglotl (Shoals:1)
  A walking earthen tome (Depths:2)
  A deep elf blademaster (Elf:3)
  A titan (Vaults:5)
  2 sphinxes
  2 deep elf master archers (Elf:3)
  8 death cobs
  An Executioner (Zot:4)
  A kraken (Shoals:1)
  Polyphemus (Shoals:4)
  3 tengu reavers
  2 thorn hunters (Abyss:4)
  A tentacled starspawn (Abyss:4)
  9 storm dragons
  3 shadow dragons
  A nagaraja (Snake:4)
  6 protean progenitors
  A demonspawn warmonger (Zot:2)
  Donald (Elf:3)
  3 draconian knights
  A draconian monk (Zot:4)
  5 fire giants
  6 draconian shifters
  8 draconian scorchers
  3 frost giants
  8 vault wardens
  2 deep elf sorcerers (Elf:3)
  5 deep elf elementalists
  5 ghost moths
  An orc warlord (Vaults:4)
  6 draconian stormcallers
  9 very ugly things
  14 ironbound preservers
  A formless jellyfish (Vaults:4)
  2 reapers
  2 deep elf demonologists
  6 stone giants
  5 spriggan defenders
  9 black draconians
  7 ironbound thunderhulks
  6 draconian annihilators
  13 green draconians
  A demonspawn corrupter (Zot:2)
  6 deep elf annihilators
  3 dire elephants
  5 deep elf death magi
  3 spark wasps
  7 yellow draconians
  10 white draconians
  6 purple draconians
  10 red draconians
  4 war gargoyles
  6 fire dragons
  8 merfolk impalers
  An eidolon (Crypt:1)
  7 ettins
  A crystal guardian (Vaults:4)
  8 yaktaur captains
  4 deep elf high priests
  3 ice dragons
  3 entropy weavers
  A hell beast (Depths:1)
  3 rakshasas
  6 ironbound frosthearts
  23 vault guards
  2 merfolk avatars (Shoals:3)
  5 salamander tyrants
  2 catoblepae (Lair:4)
  5 anacondas
  2 spriggan air magi
  7 hydras
  3 merfolk aquamancers
  11 centaur warriors
  2 ogre magi (Vaults:5)
  A radroach (Zot:4)
  2 death yaks
  A torpor snail (shapeshifter) (Vaults:5)
  A satyr (Shoals:3)
  2 boulder beetles
  11 dancing weapons
  9 deep troll earth magi
  10 deep troll shamans
  4 two-headed ogres (Orc:2)
  3 tengu warriors
  2 hell hogs (Depths:1)
  10 naga warriors (Snake:4)
  4 orc high priests
  16 shock serpents
  A thrashing horror (Abyss:4)
  2 vampire magi
  7 deep elf knights
  6 naga sharpshooters
  2 hell knights
  A soul eater (Depths:3)
  Urug (Orc:1)
  A wretched star (Abyss:4)
  3 salamander mystics
  2 skysharks
  2 sixfirhies
  3 skeletal warriors
  An iron troll (Depths:1)
  A goliath frog (Zot:4)
  17 sea snakes
  26 deep trolls
  A flayed ghost (Depths:4)
  A bog body (IceCv)
  15 mana vipers
  A mana viper (shapeshifter) (Vaults:5)
  A shadow demon (D:14)
  A phantasmal warrior (Vaults:5)
  An orange crystal statue (Vaults:1)
  4 glowing orange brains
  2 naga ritualists
  10 deep elf archers
  6 lindwurms
  14 ironbound convokers
  4 arcanists
  12 harpies
  A lindwurm (shapeshifter) (Vaults:5)
  4 orc knights
  A lightning spire (Zot:2)
  24 deep elf pyromancers
  5 necromancers
  19 deep elf zephyrmancers
  13 salamanders
  10 ugly things
  A tengu skeleton (Depths:3)
  4 cyclopes
  A wolf spider (Lair:5)
  9 manticores
  17 moths of wrath
  6 fauns
  An orc sorcerer (Vaults:5)
  A worldbinder (Abyss:4)
  A meliai (shapeshifter) (D:15)
  An apocalypse crab (Abyss:4)
  5 merfolk sirens
  A kobold blastminer (Orc:1)
  5 guardian serpents
  5 elephants
  A water nymph (Shoals:2)
  2 naga magi
  15 vault sentinels
  5 cane toads
  3 torpor snails
  31 black mambas
  A smoke demon (Abyss:4)
  An ice statue (IceCv)
  2 hellions
  4 rime drakes
  6 komodo dragons
  15 yaktaurs
  A tormentor (Depths:4)
  A komodo dragon (shapeshifter) (Elf:1)
  3 ancient zymes (Abyss:4)
  A guardian mummy (Crypt:1)
  A tengu conjurer (Depths:2)
  20 merfolk
  4 trolls
  3 wind drakes
  4 hornets
  15 blink frogs
  A polar bear (Lair:3)
  2 dream sheep (Lair:1)
  4 snapping turtles
  11 slime creatures
  3 ynoxinuls
  13 water elementals
  46 yaks
  3 spriggans
  3 air elementals (Elf:2)
  4 wyverns
  A basilisk (Lair:5)
  2 fire elementals (Elf:1)
  2 vampire mosquitoes (D:13)
  Grum (D:10)
  3 starcursed masses (Abyss:4)
  A yak (shapeshifter) (D:14)
  A neqoxec (D:1)
  9 wargs
  3 steam dragons
  A chaos spawn (Abyss:4)
  2 harpy simulacra
  4 death yak simulacra (IceCv)
  18 nagas
  A hydra simulacrum (IceCv)
  2 nameless horrors (Snake:4)
  An acid dragon (D:11)
  15 water moccasins
  A hell hound (Depths:1)
  8 orc warriors
  2 sky beasts (D:10)
  An ice beast (D:6)
  9 wolves
  3 ettin simulacra (Depths:1)
  9 centaurs
  A boggart (Vaults:2)
  10 ogres
  A phantom (D:4)
  5 kobold brigands
  2 weeping skulls (Abyss:4)
  8 bullfrogs
  3 gnoll sergeants
  5 scorpions
  A glowing shapeshifter simulacrum (Depths:3)
  A cane toad simulacrum (IceCv)
  5 two-headed ogre simulacra (IceCv)
  6 killer bees
  3 elephant simulacra (IceCv)
  A spriggan skeleton (Crypt:1)
  3 electric eels
  A bullfrog zombie (Ossuary)
  A jelly (D:8)
  5 hounds
  A gnoll bouda (D:7)
  11 orc priests
  An iron imp (Abyss:4)
  5 mummies
  Ijyb (D:3)
  Terence (D:3)
  3 human skeletons (Crypt:1)
  9 orc wizards
  An iguana (D:6)
  2 sleepcaps
  A hell rat (Lair:2)
  2 polar bear simulacra (IceCv)
  4 troll simulacra (IceCv)
  5 spriggan simulacra (IceCv)
  A wolf simulacrum (IceCv)
  2 crocodile zombies (Ossuary)
  2 hound zombies (Ossuary)
  2 howler monkey zombies (Ossuary)
  8 adders
  A swamp drake zombie (Crypt:1)
  12 gnolls
  A naga simulacrum (IceCv)
  2 river rats (Sewer)
  8 white imps
  2 ufetubi (IceCv)
  2 ribbon worms
  4 dart slugs
  45 orcs
  8 ball pythons
  13 endoplasms
  2 giant cockroaches (D:6)
  5 goblins
  3 hobgoblins
  2 jackals (D:3)
  A quokka (D:1)
  2 ball python zombies (Ossuary)
  5 bats
  3 frilled lizards
  15 kobolds
  11 rats
  3 aspiring fleshes
  2 starspawn tentacles (Abyss:4)
  2 tentacles (Shoals:1)
1353 creatures vanquished.

Vanquished Creatures (collateral kills)
  3 dread liches (Zot:5)
  2 orbs of fire (Zot:5)
  4 ancient liches
  Bai Suzhen (Vaults:5)
  Saint Roka (Vaults:3)
  2 Killer Klowns
  A curse toe (Zot:4)
  6 golden dragons
  the Enchantress (Depths:3)
  A profane servitor (D:4)
  A Tzitzimitl (D:13)
  An electric golem (Zot:2)
  Jorgrun (D:15)
  A Brimstone Fiend (D:8)
  5 tentacled monstrosities
  14 Orb Guardians
  The ghost of scisormetimb3rs the Peltast, an adept FoFi of Zin (Snake:1)
  3 quicksilver dragons
  A deep elf blademaster (Elf:3)
  3 sphinxes
  6 death cobs
  2 tengu reavers
  6 storm dragons
  6 shadow dragons
  3 frost giants
  A deep elf sorcerer (Elf:3)
  3 draconian monks
  4 vault wardens
  A protean progenitor (Zot:5)
  4 draconian scorchers
  2 iron dragons (Vaults:5)
  A fire giant (Depths:3)
  4 draconian knights
  2 deep elf elementalists (Elf:3)
  An orc warlord (Vaults:3)
  4 spriggan defenders
  4 ironbound preservers
  3 draconian annihilators
  6 stone giants
  2 very ugly things
  A draconian stormcaller (Zot:3)
  A formless jellyfish (Vaults:2)
  A vampire knight (Depths:2)
  3 ironbound thunderhulks
  8 green draconians
  4 black draconians
  3 deep elf demonologists
  2 deep elf death magi
  A spark wasp (Depths:2)
  A deep elf annihilator (Elf:3)
  3 purple draconians
  2 white draconians
  4 red draconians
  3 dire elephants
  3 yellow draconians
  A crystal guardian (Vaults:4)
  6 ettins
  2 merfolk javelineers (Shoals:4)
  5 fire dragons
  4 merfolk impalers
  2 jiangshi (Crypt:1)
  3 deep elf high priests
  5 yaktaur captains
  5 great orbs of eyes
  An entropy weaver (Vaults:3)
  Fannar (D:10)
  A hell beast (D:12)
  4 hydras
  A salamander tyrant (Snake:4)
  2 ice dragons (Depths:3)
  4 ogre magi
  A peacekeeper (Vaults:4)
  3 spriggan air magi
  10 vault guards
  3 ironbound frosthearts
  3 boulder beetles
  2 merfolk avatars
  2 alligator snapping turtles
  2 centaur warriors (D:15)
  A two-headed ogre (shapeshifter) (Vaults:5)
  6 two-headed ogres
  3 merfolk aquamancers
  4 death yaks
  9 anacondas
  A death knight (Crypt:1)
  A hell hog (Depths:1)
  3 catoblepae
  9 dancing weapons
  4 deep troll earth magi
  2 tengu warriors
  14 naga warriors
  4 orc high priests
  2 occultists
  A thrashing horror (Abyss:4)
  A sun demon (Depths:3)
  4 naga sharpshooters
  3 hell knights
  4 shock serpents
  4 deep elf knights
  6 iron trolls
  3 skysharks
  8 skeletal warriors
  3 salamander mystics (Snake:4)
  10 sea snakes
  A bog body (IceCv)
  21 deep trolls
  9 mana vipers
  A deep elf archer (Elf:2)
  13 ironbound convokers
  A lindwurm (shapeshifter) (Vaults:5)
  3 naga ritualists
  An orb spider (shapeshifter) (Vaults:5)
  4 lindwurms
  9 deep elf zephyrmancers
  A phantasmal warrior (Vaults:5)
  8 deep elf pyromancers
  11 harpies
  A sphinx simulacrum (D:15)
  4 necromancers (Depths:3)
  9 orc knights
  3 orc sorcerers
  13 salamanders
  A wolf spider (Lair:4)
  3 fauns (Shoals:3)
  2 cyclopes (Shoals:4)
  8 ugly things
  8 manticores
  3 merfolk sirens
  A frost giant skeleton (Depths:3)
  A large abomination (Abyss:4)
  9 moths of wrath
  7 naga magi
  7 guardian serpents
  2 water nymphs
  A smoke demon (Abyss:4)
  An apocalypse crab (Abyss:4)
  3 elephants
  19 black mambas
  2 torpor snails
  6 vault sentinels
  9 cane toads
  2 unseen horrors
  An unseen horror (shapeshifter) (Elf:2)
  2 freezing wraiths
  An anaconda simulacrum (IceCv)
  4 rime drakes
  3 komodo dragons
  An ice devil (D:15)
  An efreet (Abyss:4)
  9 yaktaurs
  A tormentor (D:1)
  2 tengu conjurers
  3 guardian mummies (Crypt:1)
  4 trolls
  A merfolk (shapeshifter) (Vaults:5)
  Grinder (D:5)
  2 hornets
  A polar bear (shapeshifter) (Abyss:4)
  A wolf spider simulacrum (D:14)
  15 merfolk
  A wind drake (Zot:5)
  8 blink frogs
  7 dream sheep
  8 snapping turtles
  10 slime creatures
  9 water elementals
  A spriggan (shapeshifter) (Vaults:1)
  2 spriggans
  A shadow (D:10)
  22 yaks
  A vampire (D:12)
  2 air elementals
  8 wyverns
  2 fire elementals
  2 basilisks
  4 steam dragons
  2 wargs (Orc:2)
  2 redbacks (Lair:5)
  A chaos spawn (Abyss:3)
  2 acid dragons (D:11)
  A hydra simulacrum (IceCv)
  A hell hound (Depths:1)
  24 nagas
  13 water moccasins
  5 orc warriors
  A swamp drake (Lair:5)
  2 sky beasts
  2 black bears (Lair:1)
  11 wolves
  7 ogres
  5 centaurs (D:15)
  2 boggarts (Vaults:2)
  3 starcursed masses (Abyss:4)
  A kobold brigand (D:8)
  2 weeping skulls (Abyss:4)
  6 bullfrogs
  A cyclops zombie (Crypt:1)
  2 two-headed ogre simulacra (IceCv)
  An elephant simulacrum (IceCv)
  13 killer bees
  2 electric eels
  A howler monkey (D:8)
  3 hounds (D:9)
  A quasit (Abyss:2)
  7 orc priests
  A bullfrog zombie (Ossuary)
  A human zombie (Crypt:1)
  A jelly (D:5)
  Crazy Yiuf (D:3)
  2 iguanas (Lair:5)
  3 mummies (Ossuary)
  A human skeleton (Crypt:1)
  A polar bear simulacrum (IceCv)
  6 orc wizards
  3 hell rats (Lair:2)
  A spriggan simulacrum (IceCv)
  4 troll simulacra
  A wolf simulacrum (IceCv)
  2 crocodile zombies (Ossuary)
  A howler monkey skeleton (Crypt:1)
  A naga simulacrum (IceCv)
  5 gnolls
  A river rat (D:6)
  2 ribbon worms (Sewer)
  17 orcs
  6 kobolds
  2 ball python zombies (Ossuary)
  2 aspiring fleshes
  A tentacle (Shoals:1)
880 creatures vanquished.

Vanquished Creatures (others)
  A merfolk aquamancer (Shoals:4)
  A deep elf knight (Elf:3)
  A mana viper (Snake:1)
  A moth of wrath (Zot:1)
  A hellwing (Depths:2)
  A water elemental (Elf:1)
  136 battlemagi
  2 ancestors (D:5)
  7 fulminant prisms
  A lurking horror (Abyss:4)
  13 tentacles
165 creatures vanquished.

Grand Total: 2398 creatures vanquished

Notes
Turn   | Place    | Note
-------+----------+-------------------------------------------
     0 | D:1      | oldriver the Gnoll Wanderer began the quest for the Orb.
     0 | D:1      | oldriver set off with the following items: a +0 hand axe, a
                  | +2 buckler, a +0 ring mail, a scroll of silence.
     0 | D:1      | Reached XP level 1. HP: 17/17 MP: 1/1
   226 | D:1      | Reached XP level 2. HP: 23/23 MP: 2/2
   722 | D:2      | Reached XP level 3. HP: 28/28 MP: 2/4
   788 | D:2      | Reached skill level 1 in Invocations
   883 | D:2      | Reached skill level 1 in Short Blades
   883 | D:2      | Reached skill level 1 in Long Blades
   883 | D:2      | Reached skill level 1 in Maces & Flails
   883 | D:2      | Reached skill level 1 in Polearms
   883 | D:2      | Reached skill level 1 in Staves
   883 | D:2      | Reached skill level 1 in Ranged Weapons
   883 | D:2      | Reached skill level 1 in Dodging
   883 | D:2      | Reached skill level 1 in Unarmed Combat
   883 | D:2      | Reached skill level 1 in Spellcasting
   883 | D:2      | Reached skill level 1 in Evocations
  1047 | D:2      | Reached skill level 1 in Shapeshifting
  1047 | D:2      | Reached XP level 4. HP: 34/34 MP: 5/5
  1195 | D:3      | Noticed Ijyb
  1245 | D:3      | Found a stormy altar of Qazlal.
  1276 | D:3      | Found a snail-covered altar of Cheibriados.
  1319 | D:3      | Noticed Terence
  1358 | D:3      | Killed Ijyb
  1359 | D:3      | Reached skill level 1 in Conjurations
  1359 | D:3      | Reached skill level 1 in Hexes
  1359 | D:3      | Reached skill level 1 in Summonings
  1359 | D:3      | Reached skill level 1 in Necromancy
  1359 | D:3      | Reached skill level 1 in Translocations
  1359 | D:3      | Reached skill level 1 in Fire Magic
  1359 | D:3      | Reached skill level 1 in Ice Magic
  1359 | D:3      | Reached skill level 1 in Air Magic
  1359 | D:3      | Reached skill level 1 in Earth Magic
  1359 | D:3      | Reached skill level 1 in Alchemy
  1407 | D:3      | Identified the +12 mace of Grandeur {freeze, Str+7}
  1437 | D:3      | Killed Terence
  1438 | D:3      | Reached XP level 5. HP: 37/40 MP: 5/7
  1465 | D:3      | Found Meucup's General Store.
  1468 | D:3      | Found Ceose's Antique Weapon Shoppe.
  1667 | D:3      | Found Daimap's Assorted Antiques.
  1673 | D:3      | Bought a fuming sapphire potion for 22 gold pieces
  1673 | D:3      | Bought 2 scrolls labelled CUT ODDEOS for 50 gold pieces
  1674 | D:3      | Found Ytohekasm's Book Shop.
  1901 | D:3      | Found Kam Erphu's Distillery.
  1943 | D:3      | Found a runed translucent door.
  1944 | D:3      | Noticed Crazy Yiuf
  2092 | D:4      | Noticed a phantom
  2104 | D:4      | Killed a phantom
  2105 | D:4      | Reached skill level 5 in Armour
  2105 | D:4      | Reached skill level 5 in Shields
  2105 | D:4      | Reached XP level 6. HP: 44/47 MP: 7/9
  2153 | D:4      | Learned a level 1 spell: Magic Dart
  2432 | D:4      | Found a staircase to the Ecumenical Temple.
  2445 | Temple   | Entered the Ecumenical Temple
  2455 | Temple   | Became a worshipper of Hepliaklqana the Forgotten
  2769 | D:4      | Found a shimmering blue altar of Sif Muna.
  3072 | D:5      | Entered Level 5 of the Dungeon
  3077 | D:5      | Reached * piety under Hepliaklqana
  3085 | D:5      | Reached XP level 7. HP: 46/46 MP: 10/10
  3090 | D:5      | Identified the +7 chain mail of Glamorous the Leaf {Int+5}
  3209 | D:5      | Noticed Grinder
  3236 | D:5      | Killed Grinder
  3295 | D:5      | Reached XP level 8. HP: 39/54 MP: 5/12
  3298 | D:5      | Learned a level 2 spell: Searing Ray
  3825 | D:6      | Found a glowing drain.
  3829 | Sewer    | Entered a sewer
  4426 | Sewer    | Identified a scroll of acquirement
  4426 | Sewer    | Acquired 713 gold pieces
  4863 | D:6      | Reached XP level 9. HP: 54/59 MP: 14/14
  5155 | D:6      | Identified the +1 robe of Satisfaction {rElec Dex+2}
  5222 | D:6      | Reached ** piety under Hepliaklqana
  5324 | D:6      | Remembered your ancestor Gladwin as a battlemage
  5447 | D:7      | Found a sand-covered staircase.
  5455 | D:7      | Reached skill level 5 in Fighting
  5455 | D:7      | Reached skill level 5 in Throwing
  5467 | Ossuary  | Entered an ossuary
  5533 | Ossuary  | Reached skill level 5 in Stealth
  6050 | D:7      | Reached skill level 5 in Invocations
  6139 | D:7      | Acquired 867 gold pieces
  6271 | D:7      | Found Soghorix's Neck Hole.
  6876 | D:8      | Reached skill level 5 in Short Blades
  6876 | D:8      | Reached skill level 5 in Long Blades
  6876 | D:8      | Reached skill level 5 in Maces & Flails
  6876 | D:8      | Reached skill level 5 in Polearms
  6876 | D:8      | Reached skill level 5 in Staves
  6876 | D:8      | Reached skill level 5 in Ranged Weapons
  6876 | D:8      | Reached skill level 5 in Dodging
  6876 | D:8      | Reached skill level 5 in Unarmed Combat
  6876 | D:8      | Reached skill level 5 in Spellcasting
  6876 | D:8      | Reached skill level 5 in Evocations
  6876 | D:8      | Reached XP level 10. HP: 68/68 MP: 17/17
  7100 | D:8      | Identified the +3 leather armour of the Wasteland {Str+2}
  7658 | D:9      | Reached skill level 5 in Shapeshifting
  7688 | D:9      | Reached *** piety under Hepliaklqana
  7690 | D:9      | Found a staircase to the Lair.
  7864 | D:9      | Learned a level 3 spell: Summon Ice Beast
  8020 | D:9      | Found Murich's Distillery.
  8043 | D:9      | Bought a potion of heal wounds for 65 gold pieces
  8264 | D:9      | Found a shadowy altar of Dithmenos.
  8324 | D:9      | Found an iron altar of Okawaru.
  8452 | D:9      | Reached skill level 5 in Conjurations
  8452 | D:9      | Reached skill level 5 in Hexes
  8452 | D:9      | Reached skill level 5 in Summonings
  8452 | D:9      | Reached skill level 5 in Necromancy
  8452 | D:9      | Reached skill level 5 in Translocations
  8452 | D:9      | Reached skill level 5 in Fire Magic
  8452 | D:9      | Reached skill level 5 in Ice Magic
  8452 | D:9      | Reached skill level 5 in Air Magic
  8452 | D:9      | Reached skill level 5 in Earth Magic
  8452 | D:9      | Reached skill level 5 in Alchemy
  8669 | D:9      | Reached XP level 11. HP: 74/74 MP: 20/20
  8737 | Lair:1   | Entered Level 1 of the Lair of Beasts
  9049 | Lair:1   | Reached **** piety under Hepliaklqana
  9798 | Lair:2   | Noticed a boulder beetle
  9820 | Lair:2   | Killed a boulder beetle
  9978 | Lair:2   | Noticed a death yak
  9978 | Lair:2   | Noticed a death yak
 10140 | Lair:2   | Reached XP level 12. HP: 71/81 MP: 22/22
 10428 | Lair:2   | Noticed a death yak
 10428 | Lair:2   | Noticed a death yak
 10428 | Lair:2   | Noticed a death yak
 10437 | Lair:1   | Killed a death yak
 10539 | Lair:2   | Reached skill level 10 in Axes
 11988 | Lair:3   | Noticed a skyshark
 11995 | Lair:3   | Killed a skyshark
 12119 | Lair:3   | Noticed a four-headed hydra
 12140 | Lair:3   | Killed a four-headed hydra
 12317 | Lair:3   | Noticed a seven-headed hydra
 12321 | Lair:3   | Reached XP level 13. HP: 86/89 MP: 18/25
 12628 | Lair:3   | Found a staircase to the Snake Pit.
 12711 | Lair:3   | Found a blossoming altar of Fedhas.
 13180 | Lair:3   | Found a staircase to the Shoals.
 13519 | Lair:4   | Found a viscous altar of Jiyva.
 13519 | Lair:4   | Found a staircase to the Slime Pits.
 14518 | Lair:4   | Reached ***** piety under Hepliaklqana
 14605 | Lair:4   | Reached skill level 10 in Armour
 14605 | Lair:4   | Reached skill level 10 in Shields
 15399 | Lair:5   | Entered Level 5 of the Lair of Beasts
 15741 | Lair:4   | Reached XP level 14. HP: 90/97 MP: 27/27
 15765 | Lair:5   | Reached skill level 10 in Invocations
 17135 | Lair:5   | Reached skill level 10 in Fighting
 17135 | Lair:5   | Reached skill level 10 in Throwing
 17369 | Lair:5   | Reached skill level 10 in Stealth
 17806 | Lair:5   | Learned a level 4 spell: Vhi's Electric Charge
 18671 | D:10     | Entered Level 10 of the Dungeon
 18798 | D:10     | Identified the +2 robe of Gusan {Str+3}
 19098 | D:10     | Noticed Fannar
 19107 | D:10     | Killed Fannar
 19168 | D:10     | Noticed Grum
 19175 | D:10     | Killed Grum
 19227 | D:10     | Found a blossoming altar of Fedhas.
 19444 | D:10     | Got Zaucoun's Directory of Dislocated Apparitions
 19856 | D:11     | Found a frozen archway.
 19909 | IceCv    | Entered an ice cave
 19953 | IceCv    | Learned a level 4 spell: Fulminant Prism
 20386 | IceCv    | Reached skill level 10 in Short Blades
 20386 | IceCv    | Reached skill level 10 in Long Blades
 20386 | IceCv    | Reached skill level 10 in Maces & Flails
 20386 | IceCv    | Reached skill level 10 in Polearms
 20386 | IceCv    | Reached skill level 10 in Staves
 20386 | IceCv    | Reached skill level 10 in Ranged Weapons
 20386 | IceCv    | Reached skill level 10 in Dodging
 20386 | IceCv    | Reached skill level 10 in Unarmed Combat
 20386 | IceCv    | Reached skill level 10 in Spellcasting
 20386 | IceCv    | Reached skill level 10 in Evocations
 20686 | IceCv    | Found the +2 Maxwell's thermic engine {flame, freeze, rev}
 20692 | IceCv    | Identified the ring of Yqef {rCorr Str+3 Dex+4}
 20855 | D:11     | Reached XP level 15. HP: 104/105 MP: 29/29
 20982 | D:11     | Found Ogap's Weapon Shoppe.
 21328 | D:12     | Found a staircase to the Orcish Mines.
 21462 | D:12     | Found a portal to a secret trove of treasure.
 21713 | D:12     | Reached ****** piety under Hepliaklqana
 22779 | D:13     | Found a shimmering altar of Xom.
 22779 | D:13     | Found a shimmering altar of Xom.
 23115 | D:13     | Found a gate to the Vaults.
 23432 | D:14     | Identified the +2 ring mail of Valiance {rElec rPois}
 24136 | D:15     | Entered Level 15 of the Dungeon
 24197 | Abyss:2  | Cast into level 2 of the Abyss (an occultist)
 24243 | D:15     | Escaped the Abyss
 24372 | Orc:1    | Entered Level 1 of the Orcish Mines
 24682 | Orc:2    | Entered Level 2 of the Orcish Mines
 24752 | Orc:2    | Paralysed by an orc sorcerer for 3 turns
 24825 | Orc:2    | Found Haimuont's Armour Shoppe.
 25013 | Orc:2    | Found a staircase to the Elven Halls.
 25559 | Orc:2    | Found Kifagh's Armour Boutique.
 25799 | Orc:2    | Found Qosijewk's Book Shop.
 25921 | Orc:2    | Found Archedu's Magic Scroll Boutique.
 26451 | Orc:1    | Noticed Urug
 26567 | Orc:1    | Reached skill level 10 in Shapeshifting
 26571 | Orc:1    | Killed Urug
 26762 | Orc:1    | Found an iron altar of Okawaru.
 26888 | Orc:2    | Bought the +10 plate armour of Least Resistance {rElec rF+}
                  | for 1128 gold pieces
 26960 | Orc:2    | Bought a scroll of teleportation for 39 gold pieces
 26960 | Orc:2    | Bought a scroll of teleportation for 39 gold pieces
 26960 | Orc:2    | Bought a scroll of teleportation for 39 gold pieces
 26960 | Orc:2    | Bought a scroll of fear for 52 gold pieces
 27414 | Shoals:1 | Entered Level 1 of the Shoals
 27442 | Shoals:1 | Reached XP level 16. HP: 112/112 MP: 30/30
 27482 | Shoals:1 | Found a transporter.
 27485 | Shoals:1 | Found a transporter.
 27551 | Shoals:1 | Found a transporter.
 27738 | Shoals:1 | Found a transporter.
 27755 | Shoals:1 | Reached skill level 10 in Ice Magic
 27776 | Shoals:1 | Found a transporter.
 27782 | Shoals:1 | Found a transporter.
 27848 | Shoals:1 | Noticed a kraken
 27855 | Shoals:1 | Killed a kraken
 27909 | Shoals:1 | Noticed Mlioglotl
 27926 | Shoals:1 | Killed Mlioglotl
 29037 | Shoals:2 | Noticed a kraken
 29814 | Orc:2    | Bought a +0 helmet for 67 gold pieces
 29974 | D:15     | Noticed Jorgrun
 30329 | Snake:1  | Entered Level 1 of the Snake Pit
 31908 | Snake:1  | Found a transporter.
 31908 | Snake:1  | Noticed scisormetimb3rs's ghost (adept FoFi)
 31976 | Snake:1  | Found a transporter.
 32417 | Snake:2  | Reached XP level 17. HP: 114/119 MP: 32/32
 32531 | Snake:2  | Reached skill level 10 in Conjurations
 32531 | Snake:2  | Reached skill level 10 in Hexes
 32531 | Snake:2  | Reached skill level 10 in Summonings
 32531 | Snake:2  | Reached skill level 10 in Necromancy
 32531 | Snake:2  | Reached skill level 10 in Translocations
 32531 | Snake:2  | Reached skill level 10 in Fire Magic
 32531 | Snake:2  | Reached skill level 10 in Air Magic
 32531 | Snake:2  | Reached skill level 10 in Earth Magic
 32531 | Snake:2  | Reached skill level 10 in Alchemy
 32739 | Snake:2  | Found Aluluu's Tiny Tomes.
 33759 | Orc:2    | Bought a book of Storms for 390 gold pieces
 33766 | Orc:2    | Learned a level 4 spell: Summon Lightning Spire
 34668 | Snake:3  | Noticed Roxanne
 35467 | Snake:4  | Entered Level 4 of the Snake Pit
 36270 | Snake:4  | Reached XP level 18. HP: 127/127 MP: 34/34
 37314 | Snake:4  | Identified the +5 tower shield of Enuybb {rF- Dex+7}
 38214 | Snake:4  | Identified the +1 scale mail "Bipun" {rCorr Dex+5 Stlth+}
 39847 | Shoals:4 | Entered Level 4 of the Shoals
 39898 | Shoals:4 | Noticed Polyphemus
 40248 | Shoals:4 | Identified the +1 great mace "Teguirch" {freeze, *Noise
                  | Will++ Int+3}
 40417 | Shoals:4 | Killed Polyphemus
 40955 | Shoals:4 | Reached XP level 19. HP: 106/135 MP: 27/36
 41254 | Shoals:4 | Got a barnacled rune of Zot
 41554 | Shoals:4 | Identified the ring "Giczauril" {EV+5 Int-5 Dex+5}
 42202 | Snake:4  | Learned a level 4 spell: Manifold Assault
 43194 | Snake:4  | Got a serpentine rune of Zot
 44224 | D:15     | Killed Jorgrun
 44225 | D:15     | Reached skill level 15 in Axes
 44381 | D:15     | Found a staircase to the Depths.
 45863 | Vaults:1 | Entered Level 1 of the Vaults
 45863 | Vaults:1 | Found Unakhyig's Assorted Antiques.
 45863 | Vaults:1 | Found Pedugik's Magic Scroll Boutique.
 46145 | Vaults:1 | Found Azut's Antique Armour Emporium.
 46229 | Vaults:1 | Bought a pair of runed gloves for 262 gold pieces
 46778 | Vaults:1 | Reached skill level 15 in Invocations
 47420 | Vaults:1 | Reached XP level 20. HP: 138/143 MP: 5/37
 47589 | Vaults:1 | Found a transporter.
 47759 | Vaults:1 | Found a transporter.
 49657 | Vaults:2 | Paralysed by a formless jellyfish for 1 turns
 50591 | Vaults:2 | Found a staircase to the Crypt.
 52034 | Vaults:2 | Reached skill level 15 in Armour
 52034 | Vaults:2 | Reached skill level 15 in Shields
 52310 | Vaults:3 | Noticed Saint Roka
 52321 | Vaults:3 | Killed Saint Roka
 53360 | Vaults:3 | Reached skill level 15 in Ice Magic
 54241 | Vaults:4 | Noticed an ancient lich
 54619 | Vaults:4 | Killed an ancient lich
 55278 | Vaults:4 | Reached XP level 21. HP: 146/150 MP: 20/39
 56309 | Vaults:4 | Learned a level 4 spell: Iskenderun's Mystic Blast
 56780 | Vaults:4 | Reached skill level 15 in Fighting
 56780 | Vaults:4 | Reached skill level 15 in Throwing
 56885 | Vaults:4 | Reached skill level 15 in Stealth
 58909 | D:3      | Bought a slimy broad axe for 279 gold pieces
 58909 | D:3      | Identified the +3 broad axe of Vanity {antimagic, rCorr
                  | Str-4 Dex+2} (You bought it in a shop on level 3 of the
                  | Dungeon)
 58915 | D:3      | Bought 2 potions of heal wounds for 130 gold pieces
 59029 | D:3      | Killed Crazy Yiuf
 59065 | D:3      | Bought a potion of curing for 30 gold pieces
 59065 | D:3      | Bought a potion of heal wounds for 50 gold pieces
 59065 | D:3      | Bought a potion of resistance for 100 gold pieces
 59065 | D:3      | Bought a potion of curing for 30 gold pieces
 59065 | D:3      | Bought a potion of might for 40 gold pieces
 59349 | Snake:1  | Killed scisormetimb3rs's ghost
 59517 | Snake:1  | Reached skill level 15 in Short Blades
 59517 | Snake:1  | Reached skill level 15 in Long Blades
 59517 | Snake:1  | Reached skill level 15 in Maces & Flails
 59517 | Snake:1  | Reached skill level 15 in Polearms
 59517 | Snake:1  | Reached skill level 15 in Staves
 59517 | Snake:1  | Reached skill level 15 in Ranged Weapons
 59517 | Snake:1  | Reached skill level 15 in Dodging
 59517 | Snake:1  | Reached skill level 15 in Unarmed Combat
 59517 | Snake:1  | Reached skill level 15 in Spellcasting
 59517 | Snake:1  | Reached skill level 15 in Evocations
 59564 | Snake:1  | Identified the ring of Ihennor {Will+ Slay+4}
 59566 | Snake:1  | Identified the amulet of Wigigot {Faith Fly rF+ Will+}
 59876 | Depths:1 | Entered Level 1 of the Depths
 59925 | Depths:1 | Found Gucynyni's Antique Weapon Shoppe.
 60567 | Depths:1 | Found a hide-covered altar of Uskayaw.
 61867 | Depths:1 | Found a gateway to Hell.
 62945 | Depths:2 | Found a one-way gate leading to the halls of Pandemonium.
 63089 | Depths:2 | Reached XP level 22. HP: 122/157 MP: 9/41
 64176 | Depths:2 | Identified the +6 ring mail of the Ecumenical Temple
                  | {^Drain Will+++ Dex-5 Stlth+}
 66085 | Depths:3 | Found a one-way gate to the infinite horrors of the Abyss.
 66365 | Depths:3 | Noticed the Enchantress
 66382 | Depths:3 | Killed the Enchantress
 67952 | Depths:4 | Entered Level 4 of the Depths
 68103 | Depths:4 | Found a corrupted altar of Lugonu.
 68115 | Depths:4 | Found a shimmering altar of Xom.
 68415 | Depths:4 | Noticed Mennas
 68438 | Depths:4 | Killed Mennas
 68958 | Depths:4 | Found a one-way gateway to a ziggurat.
 70761 | Depths:4 | Reached XP level 23. HP: 164/165 MP: 7/42
 71292 | Depths:4 | Found a gate to the Realm of Zot.
 71749 | Elf:1    | Entered Level 1 of the Elven Halls
 73091 | Elf:1    | Found a radiant altar of Vehumet.
 73712 | Elf:1    | Found Tuam's General Store.
 73759 | Elf:1    | Bought a scroll of fear for 48 gold pieces
 73759 | Elf:1    | Bought a potion of heal wounds for 60 gold pieces
 73912 | Elf:2    | Found Tattumau's Jewellery Shoppe.
 73988 | Elf:2    | Bought the ring of Depazauph {rN+ rCorr Str+3 Int+4 Dex+2}
                  | for 978 gold pieces
 74121 | Elf:2    | Paralysed by an air elemental for 1 turns
 75114 | Elf:2    | Found a huge runed translucent gate.
 75116 | Elf:2    | Found a huge runed translucent gate.
 75116 | Elf:2    | Found a huge runed translucent gate.
 75118 | Elf:2    | Found a huge runed translucent gate.
 75118 | Elf:2    | Found a huge runed translucent gate.
 75189 | Elf:3    | Entered Level 3 of the Elven Halls
 75189 | Elf:3    | Found the +3 pair of mountain boots {steadfast, rC+}
 75240 | Elf:3    | Reached skill level 15 in Shapeshifting
 76548 | Elf:3    | Noticed Donald
 76555 | Elf:3    | Killed Donald
 76662 | Elf:3    | Found Reaz's Antique Weapon Emporium.
 78554 | Elf:3    | Identified the +1 flail of the Desert {distort, rF+ rC+
                  | Will+}
 78554 | Elf:3    | Identified the ring "Diuf" {Fly rElec MP+9 Str+3 Int+3}
 78672 | Elf:3    | Identified the +3 broad axe "Tumneps" {flame, Int+5}
 78672 | Elf:3    | Identified the ring of the Slashing Priest {AC+4 Int+2}
 78745 | Elf:3    | Identified the +10 long sword of Unimnuf {flame, rF++ Str-2
                  | Dex+4}
 79105 | Elf:3    | Identified the +6 sling of Eminent Domain {heavy, *Corrode
                  | rElec Str+3}
 79177 | Elf:3    | Identified the +0 scimitar of Guilt {venom, rC+}
 79185 | Elf:3    | Identified the +7 hand axe of Rubbish {freeze, rPois rC+
                  | Str+3}
 79190 | Elf:3    | Identified the +0 leather armour of the Wasteland {Dex+3}
 79191 | Elf:3    | Identified the ring "Romp" {Fire rElec Will+}
 79382 | Elf:3    | Learned a level 5 spell: Yara's Violent Unravelling
 79388 | Elf:3    | Learned a level 5 spell: Summon Mana Viper
 79821 | Crypt:1  | Entered Level 1 of the Crypt
 79850 | Crypt:1  | Noticed Jory
 79862 | Abyss:3  | Cast into level 3 of the Abyss (Jory)
 79905 | Abyss:4  | Found a corrupted altar of Lugonu.
 79960 | Abyss:4  | Reached XP level 24. HP: 81/173 MP: 3/43
 79971 | Abyss:4  | Got an abyssal rune of Zot
 80171 | Crypt:1  | Escaped the Abyss
 80180 | Crypt:1  | Killed Jory
 80806 | D:12     | You showed the abyssal rune of Zot to enter a treasure
                  | trove
 80807 | Trove    | Entered a treasure trove
 80814 | Trove    | Identified the amulet "Sounuali" {RegenMP rPois Dex+2}
 80817 | Trove    | Identified the amulet of Divine Intervention {Acrobat -Cast
                  | rElec rPois rN++}
 80831 | Trove    | Identified the +0 plate armour of the Boiling Point {Str+3}
 80834 | Trove    | Identified the ring of the Blushing Gods {rN+ Will+ SInv}
 82322 | Zot:1    | Entered Level 1 of the Realm of Zot
 84471 | Zot:1    | Found a runed translucent gate.
 84471 | Zot:1    | Found a runed translucent gate.
 84472 | Zot:1    | Found a runed translucent gate.
 84472 | Zot:1    | Noticed a curse toe
 85261 | Vaults:5 | Entered Level 5 of the Vaults
 85750 | Vaults:5 | Got the Incunable of Pneumatic Kinetic Energy
 85878 | Vaults:5 | Identified the +7 arbalest of the Gnashing Gods {freeze,
                  | rElec rC+ rN+++ Str-2}
 85891 | Vaults:5 | Identified the +4 scimitar "Synolif" {freeze, Str+2}
 85897 | Vaults:5 | Identified the +1 chain mail "Tara" {rElec Regen+ Dex-4
                  | Stlth+}
 86235 | Vaults:5 | Identified the amulet "Asoustuj" {Rampage ^Drain rPois
                  | Regen+ Str+4}
 86467 | Vaults:5 | Identified the amulet of the Twisting Gods {RegenMP rElec}
 87169 | Vaults:5 | Identified the +4 arbalest "Dragonslayer" {heavy, rPois rF+
                  | rC+}
 87397 | Vaults:5 | Noticed an ancient lich
 87399 | Vaults:5 | Reached XP level 25. HP: 179/181 MP: 10/44
 87402 | Vaults:5 | Noticed an ancient lich
 87403 | Vaults:5 | Identified the +8 longbow "Getutid" {freeze, rPois Str+4
                  | Int+3 Stlth-}
 87414 | Vaults:5 | Identified the +6 rapier of Ambiguity {flame, rC- Dex+6}
 87417 | Vaults:5 | Killed an ancient lich
 87423 | Vaults:5 | Killed an ancient lich
 87423 | Vaults:5 | Identified the +9 scimitar "Qes Jiuni" {heavy, +Blink rF++
                  | Str+4 Int-2}
 88461 | Vaults:5 | Identified the +6 chain mail "Zoomaw" {Str+3 Slay+2}
 88516 | Vaults:5 | Noticed Bai Suzhen
 88527 | Vaults:5 | Killed Bai Suzhen
 88614 | Vaults:5 | Got the Guide on the Fulgent Tempest
 88747 | Vaults:5 | Got the Parchment of the Bonfire
 88940 | Vaults:5 | Got a silver rune of Zot
 89408 | Vaults:1 | Upgraded the game from 0.31.0-10-gcf4a605ca0 to
                  | 0.31.0-11-ge490571c62
 89919 | Zot:1    | Noticed Theoretic's ghost (veteran MiGl)
 90258 | Zot:2    | Reached skill level 15 in Conjurations
 90258 | Zot:2    | Reached skill level 15 in Hexes
 90258 | Zot:2    | Reached skill level 15 in Summonings
 90258 | Zot:2    | Reached skill level 15 in Necromancy
 90258 | Zot:2    | Reached skill level 15 in Translocations
 90258 | Zot:2    | Reached skill level 15 in Fire Magic
 90258 | Zot:2    | Reached skill level 15 in Air Magic
 90258 | Zot:2    | Reached skill level 15 in Earth Magic
 90258 | Zot:2    | Reached skill level 15 in Alchemy
 90312 | Zot:2    | Found a large runed translucent door.
 90315 | Zot:2    | Found a large runed translucent door.
 90318 | Zot:2    | Noticed Jofris Vesimp's ghost (legendary GnFE)
 90503 | Zot:2    | Identified the +1 war axe of Buqi {elec, Int+3}
 90512 | Zot:2    | Noticed a Killer Klown
 90517 | Zot:2    | Killed a Killer Klown
 90594 | Zot:2    | Noticed a Killer Klown
 90611 | Zot:2    | Killed a Killer Klown
 90814 | Zot:2    | Noticed an orb of fire
 90824 | Zot:2    | Killed an orb of fire
 91938 | Zot:2    | Identified the +0 hat of Amelioration {Harm *Slow MP+9}
 92494 | Zot:3    | Noticed an orb of fire
 92507 | Zot:3    | Killed an orb of fire
 93653 | Zot:3    | Reached XP level 26. HP: 174/189 MP: 7/44
 94604 | Zot:3    | Identified the +13 plate armour "Cieco" {^Contam rF+ Int+4}
 95026 | Zot:3    | Noticed Pongem's ghost (legendary MiAK)
 95028 | Zot:3    | Found a runed translucent gate.
 95029 | Zot:3    | Found a runed translucent gate.
 95030 | Zot:3    | Found a runed translucent gate.
 95420 | Zot:4    | Found a stormy altar of Qazlal.
 97358 | Zot:4    | Noticed a Killer Klown
 97370 | Zot:4    | Found a sacrificial altar of Ru.
 97607 | Zot:4    | Killed a Killer Klown
 97872 | Zot:4    | Noticed an ancient lich
 98773 | Zot:4    | Found a radiant altar of Vehumet.
 98779 | Zot:4    | Found a transporter.
 99376 | Zot:4    | Killed an ancient lich
 99559 | Zot:4    | Found a transporter.
 99828 | Zot:4    | Got the Incunabulum of Shifting Haze
 99832 | Zot:4    | Identified the +0 pair of gloves of Tomorrow {^Contam rElec
                  | Dex+6}
 99877 | Zot:5    | Entered Level 5 of the Realm of Zot
100890 | Zot:5    | Identified the blade talisman of Tuen {Will+ Int+2}
102127 | Zot:5    | Noticed a dread lich
102134 | Zot:5    | Killed a dread lich
102416 | Zot:5    | Noticed a dread lich
102876 | Zot:5    | Reached XP level 27. HP: 198/198 MP: 15/45
103339 | Zot:5    | Killed a dread lich
103469 | Zot:5    | Noticed a dread lich
103482 | Zot:5    | Killed a dread lich
103713 | Zot:5    | Noticed a dread lich
103727 | Zot:5    | Noticed an ancient lich
103734 | Zot:5    | Killed an ancient lich
103962 | Zot:5    | Noticed an ancient lich
103968 | Zot:5    | Noticed an orb of fire
103971 | Zot:5    | Gained mutation: You have an increased reservoir of magic.
                  | (+10% MP) [an orb of fire]
103975 | Zot:5    | Killed an ancient lich
103978 | Zot:5    | Noticed a dread lich
103984 | Zot:5    | Killed an orb of fire
103994 | Zot:5    | Killed a dread lich
104175 | Zot:5    | Noticed an ancient lich
104182 | Zot:5    | Killed an ancient lich
104320 | Zot:5    | Noticed an orb of fire
104332 | Zot:5    | Killed an orb of fire
104493 | Zot:5    | Killed a dread lich
104655 | Zot:5    | Noticed an ancient lich
104668 | Zot:5    | Killed an ancient lich
105442 | Zot:5    | Noticed an ancient lich
105448 | Zot:5    | Killed an ancient lich
106064 | Zot:5    | Got the Orb of Zot
106097 | Zot:5    | Noticed Verovexa the pandemonium lord
106193 | Zot:2    | Noticed Muidut the pandemonium lord
106724 | D:$      | Escaped with the Orb!

Illustrated notes

Levels and vault maps discovered:
D:1:      lightli_arrival_farm, layout_rooms
D:2:      layout_basic
D:3:      layout_loops_ring, mainiacjoe_overflow_catwalk, grunt_qazlal_clouds,
          serial_shops, nicolae_shop_waterfront, shop_fountains, shop,
          nicolae_shop_stone, nicolae_shop_tiny_statue_garden, glass_columns_c,
          uniq_terence, uniq_ijyb, uniq_crazy_yiuf_cottage
D:4:      layout_basic, lemuel_blue_sif_altar, minmay_temple_entry_tees,
          kennysheep_diamond, serial_park_tiny_1
D:5:      layout_rooms, corexii_item_surrounded_by_moat, uniq_grinder
D:6:      layout_loops_ring, mainiacjoe_sewer_entry_somewhere_in_here_2
D:7:      layout_loops_ring, enter_ossuary_1, minmay_fountain_box,
          nicolae_shop_sticking_my_neck_out
D:8:      layout_loops_cross
D:9:      layout_irregular_city, kennysheep_little_box,
          lemuel_coloured_pillars_altar, erik_lair_island, serial_shops,
          shop_coins
D:10:     layout_stronghold, lemuel_crystal_altar, hangedman_misty_isle,
          uniq_fannar, uniq_grum
D:11:     layout_basic, serial_shops, shop, gauntlet_entry_generic,
          portal_ice_cave_entry_ice_simulacra, kennysheep_small_square
D:12:     layout_grid_maze, orc_david_3, trove_entry_hex_spiral
D:13:     layout_basic, hellmonk_vaults_attempted_burglary, xom_redecorated
D:14:     layout_basic, hex_medium
D:15:     hangedman_depths_entry_civil_slaughter, layout_rooms,
          chequers_serial_rivers_small_b, small_statue_intersection,
          minmay_fractal_squares_gapless_5, uniq_jorgrun
Temple:   eino_temple_rhombus
Lair:1:   layout_layer_cave, beast_lair_carwin_9, lemuel_fruit_tree,
          infiniplex_staircase_pool
Lair:2:   layout_cave_pods, serial_bayou_shore_b, grunt_megastairs_3
Lair:3:   layout_cellular_growth, mainiacjoe_shoals_entry_four_pools,
          alex1729_snake_entry_snake, tgw_fedhas
Lair:4:   layout_regular_city, slime_entry_1, chequers_serial_rivers_micro_c,
          nicolae_lair_yak_garden
Lair:5:   hangedman_lair_tendril_chambers, layout_cave_pods,
          guppyfry_lair_end_dragon, serial_bayou_pond_c
Shoals:1: layout_shoals, serial_nicolae_subway, nicolae_sub_station_stone,
          nicolae_sub_station_crystal, nicolae_sub_station_metal, uniq_mlioglotl
Shoals:2: layout_shoals
Shoals:3: nicolae_shoals_offshore_bank_account, layout_shoals,
          nicolae_shoals_siren_and_animal_friends
Shoals:4: shoals_end_grunt_ice, layout_shoals, uniq_polyphemus
Snake:1:  layout_gridlike, gammafunk_ghost_berserking_beasts,
          nicolae_snake_mages_go_home, serial_bayou_shore_b
Snake:2:  layout_misc_corridors, nicolae_shop_i_like_small_books_too,
          serial_bayou_shore_a, grunt_megastairs_5
Snake:3:  layout_gridlike, uniq_roxanne
Snake:4:  snake_pit_salamanders_mu, layout_rooms, drop_trap
Orc:1:    layout_caves, okawaru_metal_pillars_1_2, uniq_urug
Orc:2:    st_orc_town, layout_diamond_mine, basic_altar, serial_shops,
          nicolae_shop_tiny_waterfront
Elf:1:    minmay_elf_arrival_circle, layout_geoelf_octagon, basic_altar,
          serial_shops, shop, nicolae_elf_blasts_and_bolts, lemuel_flame_loot_1
Elf:2:    elven_hall_of_blades_hangedman_alternative
          [nicolae_blade_entry_diamond_columns], layout_gridlike, serial_shops,
          shop, grunt_megastairs_2
Elf:3:    grunt_elf_hall_asides, layout_onion_city, serial_shops,
          nicolae_shop_trees, uniq_donald
Vaults:1: gammafunk_sealed_arena, nicolae_vaults_storage_closets_1,
          nicolae_vaults_yaktaur_gun_rack, layout_vaults_maze_snakey,
          serial_shops, shop, shop, nicolae_shop_trees
Vaults:2: nicolae_vaults_offset_grid_hallway_2,
          nicolae_vaults_stairing_the_circle, v_misc_29,
          nicolae_vaults_wrenched, nicolae_vaults_tangram_1, v_rooms_3,
          ontoclasm_vaults_loading_screen, nicolae_vaults_house_1, v_misc_14,
          vaults_room_hallway, vaults_room_fours, vaults_room_corners,
          layout_vaults_omnigrid
Vaults:3: vaults_room_pools, grunt_vaults_hallway_long, hangedman_vaults_pinch,
          nicolae_vaults_network_s, v_misc_1, v_misc_2, vaults_mumra_chevron,
          v_misc_4, nicolae_vaults_prndl, vaults_room_pools,
          layout_vaults_chaotic_city, uniq_saint_roka
Vaults:4: v_alt_pattern_3, nicolae_vaults_oval_intersection,
          nicolae_vaults_crenellated_ambush, nicolae_vaults_little_squares_1,
          vaults_mumra_minichess_inversion, nicolae_vaults_stepped_doors,
          v_misc_14, hangedman_vaults_maws, hangedman_vaults_trim,
          nicolae_vaults_network_quinsquares
          [nicolae_vaults_network_quincunx_subvault,
          nicolae_vaults_network_quincunx_subvault,
          nicolae_vaults_network_quincunx_subvault,
          nicolae_vaults_network_quincunx_subvault], layout_vaults_omnicross
Vaults:5: uniq_bai_suzhen
Crypt:1:  layout_regular_city, nicolae_crypt_smalloseum,
          grunt_crypt_arrival_guarded_gate, uniq_jory
Depths:1: hangedman_elemental_death_ray, layout_gridlike, serial_shops,
          kennysheep_mini, serial_corexii_hall, corexii_hall_statues_s,
          chequers_hall_statues_wall_a, corexii_hall_statues_x,
          hangedman_abyss_or_decor_jellyfish_corner, hell_entry, special_room
          [special_room_mythical_zoo], nicolae_uskayaw_suspiria
Depths:2: kennysheep_blocky_room, layout_basic, grunt_pan_entry_sceptre,
          hell_entry, reono_crystal_passage, infiniplex_staircase_spiral
Depths:3: lemuel_traditional_vault, layout_honeycomb, nicolae_titane,
          rand_demon_pan_entry_1, abyss_entry, hell_entry,
          infiniplex_staircase_zigzag_5, uniq_enchantress
Depths:4: grunt_zot_entry_hairpin, layout_cave_shapes, enter_ziggurat_a,
          abyss_entry_flame_altar, basic_altar, hell_entry, uniq_mennas
Zot:1:    layout_misc_corridors, hangedman_zot_gyre, gammafunk_ghost_necromancy
Zot:2:    grunt_zot_stairs_mandelzot, layout_gridlike,
          ebering_ghost_disaster_area, hangedman_zot_wheel_spokes,
          grunt_ministairs_11, amethyst_zot_foddershock
Zot:3:    layout_gridlike, regret_index_zotdec_split_disrupt,
          gammafunk_ghost_split
Zot:4:    gammafunk_sealed_library, layout_onion,
          hangedman_zot_diagonal_lockstep, hangedman_feature_mirror
Zot:5:    layout_misc_corridors

Skill      XL: |  1  2  3  4  5  6  7  8  9 10 11 12 13 14 15 16 17 18 19 20 21 22 23 24 25 26 27 |
---------------+----------------------------------------------------------------------------------+-----
Invocations    | 1 2 3 4 5 6 7 8 9 10 11 12 13 14 15 16 17 18 19 20 | 20.7
Short Blades   | 1 2 3 5 6 7 8 9 10 11 12 13 14 15 16 17 18 19 | 19.2
Long Blades    | 1 2 3 5 6 7 8 9 10 11 12 13 14 15 16 17 18 19 | 19.2
Maces & Flails | 1 2 3 5 6 7 8 9 10 11 12 13 14 15 16 17 18 19 | 19.2
Polearms       | 1 2 3 5 6 7 8 9 10 11 12 13 14 15 16 17 18 19 | 19.2
Staves         | 1 2 3 5 6 7 8 9 10 11 12 13 14 15 16 17 18 19 | 19.2
Ranged Weapons | 1 2 3 5 6 7 8 9 10 11 12 13 14 15 16 17 18 19 | 19.2
Dodging        | 1 2 3 5 6 7 8 9 10 11 12 13 14 15 16 17 18 19 | 19.2
Unarmed Combat | 1 2 3 5 6 7 8 9 10 11 12 13 14 15 16 17 18 19 | 19.2
Spellcasting   | 1 2 3 5 6 7 8 9 10 11 12 13 14 15 16 17 18 19 | 19.2
Evocations     | 1 2 3 5 6 7 8 9 10 11 12 13 14 15 16 17 18 19 | 19.2
Shapeshifting  | 1 2 3 4 5 6 7 8 9 10 11 12 13 14 15 16 17 | 17.7
Conjurations   | 1 2 3 4 5 6 7 8 9 10 11 12 13 14 15 16 | 16.3
Hexes          | 1 2 3 4 5 6 7 8 9 10 11 12 13 14 15 16 | 16.3
Summonings     | 1 2 3 4 5 6 7 8 9 10 11 12 13 14 15 16 | 16.3
Necromancy     | 1 2 3 4 5 6 7 8 9 10 11 12 13 14 15 16 | 16.3
Translocations | 1 2 3 4 5 6 7 8 9 10 11 12 13 14 15 16 | 16.3
Fire Magic     | 1 2 3 4 5 6 7 8 9 10 11 12 13 14 15 16 | 16.3
Ice Magic      | 1 2 3 4 5 6 7 8 9 11 12 13 14 15 16 17 18 19 20 21 | 21.1
Air Magic      | 1 2 3 4 5 6 7 8 9 10 11 12 13 14 15 16 | 16.3
Earth Magic    | 1 2 3 4 5 6 7 8 9 10 11 12 13 14 15 16 | 16.3
Alchemy        | 1 2 3 4 5 6 7 8 9 10 11 12 13 14 15 16 | 16.3
Fighting       | 3 4 5 6 7 8 9 10 11 12 13 14 15 16 17 18 19 | 19.3
Throwing       | 3 4 5 6 7 8 9 10 11 12 13 14 15 16 18 19 20 21 | 21.5
Stealth        | 3 4 5 6 7 8 9 10 11 12 13 14 15 16 17 18 19 | 19.3
Armour         | 5 6 7 8 9 10 11 12 13 14 15 16 17 18 19 | 19.6
Shields        | 5 6 7 8 9 10 11 12 13 14 15 16 17 18 19 | 19.6
Axes           | 7 8 9 10 11 12 13 14 15 16 17 18 19 20 | 20.7

Action                     |  1- 3 |  4- 6 |  7- 9 | 10-12 | 13-15 | 16-18 | 19-21 | 22-24 | 25-27 || total
---------------------------+-------+-------+-------+-------+-------+-------+-------+-------+-------++-------
  Melee: Hand axe          |    89 |    36 |       |       |       |       |       |       |       ||   125
         Bite              |     8 |     7 |    15 |    35 |   107 |   123 |    61 |    53 |    31 ||   440
         Mace              |       |    67 |   207 |   271 |   676 |   892 |  1196 |       |       ||  3309
         Double sword      |       |       |       |       |       |       |   257 |  1200 |       ||  1457
         Eveningstar       |       |       |       |       |       |       |       |   600 |  1389 ||  1989
   Cast: Magic Dart        |       |     8 |    15 |   179 |   404 |   100 |    23 |       |       ||   729
         Summon Ice Beast  |       |       |       |     8 |     6 |     3 |       |       |       ||    17
         Fulminant Prism   |       |       |       |       |     5 |     2 |       |       |       ||     7
         Searing Ray       |       |       |       |       |     1 |       |       |       |       ||     1
         Summon Lightning  |       |       |       |       |       |    48 |    34 |     3 |       ||    85
         Manifold Assault  |       |       |       |       |       |       |   742 |   997 |   955 ||  2694
         Iskenderun's Myst |       |       |       |       |       |       |     9 |     9 |       ||    18
 Invoke: Ancestor Life: Ba |       |       |     1 |       |       |       |       |       |       ||     1
         Recall Ancestor   |       |       |       |       |     7 |     5 |     8 |     6 |     6 ||    32
         Idealise          |       |       |       |       |       |       |       |       |     1 ||     1
  Evoke: Wand              |       |       |     2 |       |       |    20 |     1 |       |     5 ||    28
         Condenser vane    |       |       |       |       |     1 |     3 |     3 |     5 |       ||    12
         Phantom mirror    |       |       |       |       |       |     2 |       |     2 |     1 ||     5
         Phial of floods   |       |       |       |       |       |     1 |     1 |     2 |     1 ||     5
         Sack of spiders   |       |       |       |       |       |     1 |     1 |     2 |     2 ||     6
    Use: Scroll            |     4 |     9 |    14 |     5 |     6 |    12 |     3 |    13 |     3 ||    69
         Potion            |       |     1 |       |       |     3 |    17 |       |     8 |     6 ||    35
   Stab: Sleeping          |     2 |     2 |     1 |       |       |       |       |       |       ||     5
         Distracted        |       |     1 |     2 |     5 |    22 |    18 |     5 |     4 |     1 ||    58
         Invisible         |       |       |       |       |       |     1 |       |       |       ||     1
         Confused          |       |       |       |       |       |       |       |     1 |       ||     1
         Held in net/web   |       |       |       |       |       |       |       |       |     2 ||     2
 Armour: Ring mail         |    48 |    41 |    36 |       |       |       |       |       |       ||   125
         Chain mail        |       |       |    27 |   159 |   315 |       |       |       |       ||   501
         Plate armour      |       |       |       |       |     1 |   570 |   434 |   463 |   257 ||  1725
  Dodge: Dodged            |    41 |    23 |    47 |    99 |   184 |   214 |   208 |   163 |   139 ||  1118
  Block: Buckler           |    34 |    46 |   111 |   206 |   266 |       |       |       |       ||   663
         Reflection        |       |     4 |     8 |     5 |    21 |    77 |     7 |       |       ||   122
         Kite shield       |       |       |       |       |     6 |       |       |       |       ||     6
         Tower shield      |       |       |       |       |   319 |  1007 |   650 |   608 |   334 ||  2918
